 Dungeon Crawl Stone Soup version 0.22-a0-369-gc73351f (webtiles) character file.

199 nikopol the Magician (level 5, -5/28 HPs)
             Began as a Deep Elf Fire Elementalist on Apr 24, 2018.
             Was an Initiate of Vehumet.
             Slain by Blork the orc
             ... wielding a +0 war axe
              (6 damage)
             ... on level 4 of the Dungeon.
             The game lasted 00:09:28 (3157 turns).

nikopol the Magician (Deep Elf Fire Elementalist)   Turns: 3157, Time: 00:09:28

Health: -5/28      AC:  3    Str:  5    XL:     5   Next: 48%
Magic:  5/14       EV: 13    Int: 21    God:    Vehumet [......]
Gold:   117        SH:  0    Dex: 15    Spells: 4/14 levels left

rFire    . . .     SeeInvis .   b - +0 dagger
rCold    . . .     Gourm    .   (no shield)
rNeg     . . .     Faith    .   a - +0 robe
rPois    .         Spirit   .   o - +0 helmet
rElec    .         Reflect  .   (no cloak)
rCorr    .         Harm     .   (no gloves)
MR       .....                  (no boots)
Stlth    ++........             (no amulet)
HPRegen  0.09/turn              (no ring)
MPRegen  0.14/turn              (no ring)

@: very slightly contaminated
A: no striking features
a: Renounce Religion


You were on level 4 of the Dungeon.
You worshipped Vehumet.
Vehumet was noncommittal.
You were very hungry.

You visited 1 branch of the dungeon, and saw 4 of its levels.

You collected 117 gold pieces.

Inventory:

Hand Weapons
 b - a +0 dagger (weapon)
Armour
 a - a +0 robe (worn)
 o - a +0 helmet (worn)
Jewellery
 h - an uncursed ring of magical power {unknown}
 i - an uncursed amulet of harm {unknown}
 r - a +1 ring of evasion {unknown}
Scrolls
 e - 4 scrolls of blinking
 g - 4 scrolls of identify
 k - a scroll of remove curse
Potions
 d - a potion of mutation {unknown}
 f - 2 potions of magic
 j - 2 potions of flight {unknown}
 l - 3 potions of curing {unknown}
 m - 2 potions of might {unknown}
 n - a potion of invisibility {unknown}
 p - a potion of berserk rage {unknown}
Comestibles
 c - 7 rations


   Skills:
 + Level 2.6 Dodging
 + Level 2.9 Stealth
 + Level 5.2 Spellcasting
 + Level 2.6 Conjurations
 + Level 4.9 Fire Magic


You had 4 spell levels left.
You knew the following spells:

 Your Spells              Type           Power        Failure   Level  Hunger
a - Flame Tongue          Conj/Fire      ###..        2%          1    None
b - Throw Flame           Conj/Fire      ###...       3%          2    None
c - Conjure Flame         Conj/Fire      ###.....     7%          3    ##.....
d - Sticky Flame          Conj/Fire      ###.....     22%         4    ####...


Dungeon Overview and Level Annotations

Branches:
Dungeon (4/15)
 Temple: D:4-7

Altars:
Makhleb
Nemelex Xobeh
Vehumet

Annotations:
D:4 Blork the orc


Message History

The puff of frost misses you.
A puff of frost appears from out of thin air!
The puff of frost hits you!
* * * LOW HITPOINT WARNING * * *
You see here a ration.
Found a scroll of identify.
You hear some strange, mumbled words.
A magic dart appears from out of thin air!
The magic dart hits you!
* * * LOW HITPOINT WARNING * * *
Casting: Conjure Flame (safe; 7% risk of failure)
Confirm with . or Enter, or press ? or * to list all spells.
Aiming: Sticky Flame (slightly dangerous; 22% risk of failure)
Press: ? - help, Shift-Dir - straight line You miscast Sticky Flame.
You are very lightly contaminated with residual magic.
You feel uncomfortably hot.
You are feeling very hungry.
Something hits you.
You die...

............<....+
........>........#.#
.........#'#.....#.#
.........#.#.###.#.#
.........#.#.. #.#
.........#.#... #.#
.........#....<. #.#
.........#########.###
##.............@{....#
#.###.#.#########.#?#
#.#.......# #.#
#.#.#+#+#.# #.#
.........# #.#
..#)......#######.#
...#...............#
.. #......########.#
#......'...{..%.#


There were no monsters in sight!

Vanquished Creatures
  2 hounds (D:3)
  An orc wizard (D:3)
  An iguana (D:3)
  2 adders (D:2)
  An ooze (D:2)
  3 worms
  A dart slug (D:1)
  A leopard gecko (D:1)
  3 orcs (D:3)
  10 bats
  5 giant cockroaches
  5 goblins
  2 hobgoblins (D:3)
  6 jackals
  3 kobolds
  11 frilled lizards
  3 rats
60 creatures vanquished.

Vanquished Creatures (others)
  A worm (D:3)
1 creature vanquished.

Grand Total: 61 creatures vanquished

Notes
Turn   | Place    | Note
-------+----------+-------------------------------------------
     0 | D:1      | nikopol the Deep Elf Fire Elementalist began the quest for the Orb.
     0 | D:1      | Reached XP level 1. HP: 10/10 MP: 6/6
   150 | D:1      | Reached XP level 2. HP: 15/15 MP: 5/8
   840 | D:2      | Reached XP level 3. HP: 19/19 MP: 6/10
   844 | D:2      | Learned a level 2 spell: Throw Flame
   848 | D:2      | Learned a level 3 spell: Conjure Flame
  1039 | D:2      | Found a sparkling altar of Nemelex Xobeh.
  1075 | D:2      | Reached skill level 4 in Spellcasting
  1260 | D:2      | Found a faded altar of an unknown god.
  1590 | D:3      | Reached XP level 4. HP: 15/24 MP: 4/12
  1615 | D:3      | Learned a level 4 spell: Sticky Flame
  1971 | D:3      | Found a radiant altar of Vehumet.
  2022 | D:3      | Became a worshipper of Vehumet
  2056 | D:3      | Reached skill level 5 in Spellcasting
  2056 | D:3      | Reached XP level 5. HP: 15/28 MP: 2/14
  2680 | D:3      | Found a burning altar of Makhleb.
  3106 | D:4      | Noticed Blork the orc
  3155 | D:4      | HP: 1/28 [something/magic dart (8)]
  3157 | D:4      | Slain by Blork the orc

Vault maps used:
D:1:      erik_arrival_triangle_large, minmay_lizard_king
D:2:      chequers_ecumenical_altar_island, nemelex_altar_shiori
D:3:      fiery_altar_vehumet, makhleb_heckhound_becter, first_ration
D:4:      lemuel_zombie_altar_yredelemnul, gammafunk_temple_overflow_pools,
          gup_sewer_entry_pipe, uniq_menkaure, uniq_blork_the_orc, uniq_ijyb

Skill      XL: |  1  2  3  4 |
---------------+-------------+-----
Fire Magic     | 4 |  4.9
Spellcasting   | 4 5 |  5.2
Conjurations   | 2 |  2.6
Dodging        | |  2.6
Stealth        | |  2.9

Action                   |  1- 3 |  4- 6 || total
-------------------------+-------+-------++-------
Melee: Dagger            |    10 |       ||    10
 Cast: Flame Tongue      |    76 |    48 ||   124
       Throw Flame       |     1 |       ||     1
       Conjure Flame     |       |     2 ||     2
       Sticky Flame      |       |     1 ||     1
  Use: Scroll            |       |     5 ||     5
  Eat: Chunk             |     1 |     5 ||     6
Armor: Robe              |     7 |     6 ||    13
Dodge: Dodged            |    21 |    22 ||    43

Table legend:
 A = Spawn XP
 B = Non-spawn XP
 C = Spawn XP percentage of total XP
 D = Spawn monster count
 E = Non-spawn monster count
 F = Spawn count percentage of total count
 G = Total turns spent on level
                    A         B        C        D         E        F      G
               +---------+---------+-------+---------+---------+-------+---------
         Total |       0 |     285 |   0.0 |       0 |      60 |   0.0 |  3157
               +---------+---------+-------+---------+---------+-------+---------
           D:1 |       0 |      38 |   0.0 |       0 |      24 |   0.0 |   816
           D:2 |       0 |      53 |   0.0 |       0 |      12 |   0.0 |   560
           D:3 |       0 |     194 |   0.0 |       0 |      24 |   0.0 |  1688
               +---------+---------+-------+---------+---------+-------+---------
